 Dungeon Crawl Stone Soup version 0.23.2-40-g277498a001 (webtiles) character file.

Game seed: 13516310952412212773

5514 Folks the Destroyer (level 10, -11/69 HPs)
             Began as a Demigod Conjurer on Aug 14, 2019.
             Mangled by a white ugly thing (17 damage)
             ... on level 11 of the Dungeon.
             The game lasted 00:32:14 (11288 turns).

Folks the Destroyer (Demigod Conjurer)             Turns: 11288, Time: 00:32:16

Health: -11/69     AC: 10    Str: 13    XL:     10   Next: 20%
Magic:  1/22       EV: 12    Int: 23    God:
Gold:   499        SH:  0    Dex: 16    Spells: 2/20 levels left

rFire    + . .     SeeInvis .   e - +2 falchion (slice)
rCold    . . .     Gourm    .   (no shield)
rNeg     . . .     Faith    .   v - +1 ring mail {rF+}
rPois    .         Spirit   .   h - +0 helmet
rElec    .         Reflect  .   (no cloak)
rCorr    .         Harm     .   g - +0 pair of gloves
MR       +....                  q - +0 pair of boots
Stlth    +.........             (no amulet)
HPRegen  0.21/turn              (no ring)
MPRegen  0.18/turn              (no ring)

@: barbed spikes, very slightly contaminated
A: high mp 1
a: no special abilities


You were on level 11 of the Dungeon.
You were hungry.

You visited 1 branch of the dungeon, and saw 11 of its levels.

You collected 547 gold pieces.
You spent 48 gold pieces at shops.

Inventory:

Hand Weapons
 d - a +0 dagger
 e - a +2 falchion of slicing (weapon)
 k - a +0 club
 o - a +2 hand axe of freezing
Armour
 a - a +0 robe
 g - a +0 pair of gloves (worn)
 h - a +0 helmet (worn)
 q - a +0 pair of boots (worn)
 u - the cursed +0 robe of the Jolly Lives {+Fly rPois rC- SInv}
   (You found it on level 4 of the Dungeon)

   It makes you vulnerable to cold.
   It protects you from poison.
   It lets you see invisible.
   It lets you fly.
   It has a curse placed upon it.
 v - a +1 ring mail of fire resistance (worn)
Jewellery
 n - an uncursed amulet of rage {unknown}
 B - an uncursed amulet of magic regeneration {unknown}
 C - an uncursed ring of ice {unknown}
 G - an uncursed ring of fire {unknown}
Wands
 r - a wand of polymorph (4)
 t - a wand of disintegration (28)
 N - a wand of iceblast (9)
Scrolls
 f - 2 scrolls of noise
 i - 11 scrolls of identify
 j - 2 scrolls of immolation
 l - a scroll of random uselessness {unknown}
 m - 8 scrolls of remove curse
 x - a scroll of enchant armour {unknown}
 y - a scroll of teleportation {unknown}
 D - 3 scrolls of silence {unknown}
 F - a scroll of amnesia {unknown}
 I - a scroll of vulnerability {unknown}
 L - 2 scrolls of magic mapping {unknown}
Potions
 b - 5 potions of curing
 p - 2 potions of ambrosia {unknown}
 s - 2 potions of lignification
 w - 2 potions of invisibility {unknown}
 z - a potion of resistance {unknown}
 A - 3 potions of berserk rage {unknown}
 H - a potion of haste {unknown}
 J - a potion of agility {unknown}
Comestibles
 c - 23 rations
 O - 4 chunks of flesh


   Skills:
 - Level 5.0 Armour
 - Level 3.1 Dodging
 - Level 1.7 Stealth
 - Level 5.7 Spellcasting
 + Level 8.4 Conjurations
 - Level 7.1 Hexes
 + Level 3.7 Translocations
 * Level 3.0 Evocations


You had 2 spell levels left.
You knew the following spells:

 Your Spells              Type           Power        Failure   Level  Hunger
a - Magic Dart            Conj           ####         1%          1    None
b - Searing Ray           Conj           #####.       1%          2    None
c - Dazzling Spray        Conj/Hex       #####.       2%          3    #......
d - Fulminant Prism       Conj/Hex       #####.....   7%          4    ###....
e - Force Lance           Conj/Tloc      ####....     14%         4    ###....
f - Iskenderun's Mystic   Conj           #####...     5%          4    ###....

Your spell library contained the following spells:

 Spells                   Type           Power        Failure   Level  Hunger
 Shock                    Conj/Air       ####         3%          1    None
 Animate Skeleton         Necr           N/A          17%         1    None
 Pain                     Necr           #...         17%         1    None
 Sandblast                Erth           #.....       17%         1    None
 Passwall                 Tmut/Erth      #.......     26%         2    None
 Stone Arrow              Conj/Erth      ####..       10%         3    #......
 Petrify                  Tmut/Erth      #.......     86%         4    ###....
 Summon Lightning Spire   Summ/Air       #.......     86%         4    ###....
 Lee's Rapid Deconstruct  Erth           #.........   99%         5    #####..
 Conjure Ball Lightning   Conj/Air       ####......   99%         6    ######.
 Deflect Missiles         Chrm/Air       #.........   100%        6    ######.


Dungeon Overview and Level Annotations

Branches:
Dungeon (11/15)            Temple (0/1) D:6            Lair (0/6) D:9
    Orc: D:9-12

Shops:
D:5 *   D:8 %   D:10 !

Annotations:
D:6 exclusion: oklob sapling


Innate Abilities, Weirdness & Mutations

You have an increased reservoir of magic. (+10% MP)


Message History

The orc wizard gestures at you while chanting.
The magic dart hits you but does no damage.
The orc hits you with a +0 hand axe.
The purple ugly thing basks in your mutagenic energy and changes!
You feel much better. The orc wizard misses you.
The eye of draining gazes at you.
You feel your power leaking away.
You feel better.
The orc wizard hits you but does no damage.
The white ugly thing pecks you. The white ugly thing freezes you!!
Ouch! That really hurt!
* * * LOW HITPOINT WARNING * * *
Unknown command.
You feel better. The orc wizard misses you. The manticore bites you.
The manticore claws you!
* * * LOW HITPOINT WARNING * * *
The manticore barely misses you. The white ugly thing pecks you!
* * * LOW HITPOINT WARNING * * *
The white ugly thing freezes you!
You die...

#...# #####...###
#..(.รท#...#########
####.###.#...........#
#....#...#...........#
#.####...'G..........#
#.########......./...#
#...#...####..ouK..#
###.#.#.# #####@###
#.#.#.# #...Ho{....#
#.#<#.# #....o(.....#
###.#.#.####...........#
..#.#.#..>##...........#
#.#.#.######...........#
#.#.#.################..
#.#.#.#.....# ##
#...#'#.....#


You could see a white ugly thing, a manticore, an eye of draining, a big kobold,
an orc wizard and 2 orcs.

Vanquished Creatures
  Psyche (D:8)
  A kobold demonologist (D:11)
  A tengu conjurer (D:10)
  Sigmund (D:5)
  2 wyverns
  A hungry ghost (D:9)
  3 orc warriors
  4 sky beasts
  A black bear (D:11)
  2 ice beasts
  A phantom (D:4)
  5 centaurs
  2 big kobolds
  3 bullfrogs
  4 scorpions
  8 killer bees
  8 wights
  6 howler monkeys
  3 crimson imps
  3 quasits
  A jelly (D:9)
  2 hounds
  2 bullfrog skeletons
  2 orc priests
  9 orc wizards
  3 iguanas
  Ijyb (D:5)
  6 worker ants
  A killer bee zombie (D:8)
  A hound zombie (D:5)
  3 hound skeletons
  3 worker ant zombies
  A howler monkey zombie (D:5)
  9 adders
  11 gnolls
  A shadow imp (D:9)
  An ooze (D:4)
  2 adder skeletons (D:9)
  A worm (D:4)
  3 dart slugs (D:2)
  2 leopard geckos
  34 orcs
  2 ball pythons
  7 bats
  4 giant cockroaches
  9 hobgoblins
  3 jackals (D:6)
  4 quokkas
  4 frilled lizards
  5 goblins
  A jackal skeleton (D:5)
  16 kobolds
  A leopard gecko skeleton (D:5)
  A quokka zombie (D:7)
  6 rats
222 creatures vanquished.

Vanquished Creatures (others)
  29 fulminant prisms
29 creatures vanquished.

Grand Total: 251 creatures vanquished

Notes
Turn   | Place    | Note
-------+----------+-------------------------------------------
     0 | D:1      | Folks the Demigod Conjurer began the quest for the Orb.
     0 | D:1      | Reached XP level 1. HP: 14/14 MP: 5/5
   696 | D:1      | Reached XP level 2. HP: 20/20 MP: 5/7
   700 | D:1      | Learned a level 2 spell: Searing Ray
  1293 | D:2      | Reached XP level 3. HP: 26/26 MP: 6/9
  1303 | D:2      | Learned a level 3 spell: Dazzling Spray
  1444 | D:2      | Reached skill level 4 in Conjurations
  2019 | D:3      | Reached skill level 1 in Hexes
  2060 | D:3      | Found a blossoming altar of Fedhas.
  2147 | D:3      | Found a stormy altar of Qazlal.
  2178 | D:3      | Reached XP level 4. HP: 33/33 MP: 7/11
  2473 | D:4      | Noticed a phantom
  2500 | D:4      | HP: 1/33 [worker ant (4)]
  2817 | D:4      | Killed a phantom
  2817 | D:4      | Reached XP level 5. HP: 18/38 MP: 0/13
  3009 | D:4      | Found a shimmering altar of Xom.
  3198 | D:4      | Learned a level 4 spell: Fulminant Prism
  3337 | D:4      | Got an ominously black robe
  3338 | D:4      | Identified the cursed +0 robe of the Jolly Lives {+Fly
                  | rPois rC- SInv} (You found it on level 4 of the Dungeon)
  3388 | D:4      | Found a shimmering altar of Xom.
  3390 | D:4      | Found a shimmering altar of Xom.
  3390 | D:4      | Found a shimmering altar of Xom.
  3391 | D:4      | Found a shimmering altar of Xom.
  3392 | D:4      | Found a shimmering altar of Xom.
  3399 | D:4      | Found a shimmering altar of Xom.
  3425 | D:4      | Reached XP level 6. HP: 25/45 MP: 2/14
  3843 | D:5      | Entered Level 5 of the Dungeon
  3955 | D:5      | Reached skill level 5 in Conjurations
  3970 | D:5      | Noticed Sigmund
  3987 | D:5      | Killed Sigmund
  3987 | D:5      | Reached XP level 7. HP: 25/50 MP: 1/16
  4322 | D:4      | Reached skill level 5 in Hexes
  4909 | D:5      | Found Diluboxae's Assorted Antiques.
  4916 | D:5      | Noticed Ijyb
  5085 | D:5      | Killed Ijyb
  5382 | D:6      | Reached XP level 8. HP: 3/57 MP: 7/18
  5680 | D:6      | You fall through a shaft!
  5741 | D:7      | Reached skill level 5 in Spellcasting
  5741 | D:7      | Reached skill level 6 in Conjurations
  6796 | D:6      | Found a staircase to the Ecumenical Temple.
  7076 | D:8      | Found Tulagozal's Food Shop.
  7276 | D:8      | Reached skill level 1 in Armour
  7324 | D:8      | Reached skill level 7 in Conjurations
  7332 | D:8      | Reached XP level 9. HP: 28/62 MP: 3/21
  7520 | D:8      | Learned a level 4 spell: Force Lance
  7525 | D:8      | Learned a level 4 spell: Iskenderun's Mystic Blast
  7543 | D:8      | Noticed Psyche
  7551 | D:8      | Killed Psyche
  7985 | D:8      | Found a shimmering altar of Xom.
  8039 | D:8      | Identified Resakoer's Disquisition on Aerial Black Secrets
  8463 | D:9      | Reached skill level 1 in Translocations
  9078 | D:9      | Reached skill level 5 in Armour
  9185 | D:9      | Reached skill level 8 in Conjurations
  9272 | D:9      | Found a shadowy altar of Dithmenos.
  9272 | D:9      | Found a snail-covered altar of Cheibriados.
  9277 | D:9      | Found an ornate altar of the Wu Jian Council.
  9277 | D:9      | Found a hazy altar of Hepliaklqana.
  9376 | D:9      | Found a staircase to the Lair.
  9545 | D:10     | Entered Level 10 of the Dungeon
  9611 | D:10     | Found Cutaxtaxed's Distillery.
  9619 | D:10     | Bought a potion of curing for 48 gold pieces
 10214 | D:10     | Reached skill level 1 in Evocations
 10214 | D:10     | Reached XP level 10. HP: 66/69 MP: 10/22
 11271 | D:11     | Noticed a purple ugly thing
 11284 | D:11     | Noticed a manticore
 11288 | D:11     | Mangled by a white ugly thing

Skill      XL: |  1  2  3  4  5  6  7  8  9 10 |
---------------+-------------------------------+-----
Spellcasting   | 2 3 4 5 |  5.7
Conjurations   | 4 5 7 8 |  8.4
Hexes          | 1 2 3 4 5 7 |  7.1
Armour         | 1 5 |  5.0
Dodging        | 3 |  3.1
Translocations | 3 |  3.7
Evocations     | 1 3 |  3.0
Stealth        | |  1.7

Action                   |  1- 3 |  4- 6 |  7- 9 | 10-12 || total
-------------------------+-------+-------+-------+-------++-------
Melee: Unarmed           |     9 |       |       |       ||     9
       Club              |    14 |       |       |       ||    14
       Dagger            |    25 |       |       |       ||    25
       Hand axe          |    12 |    35 |    25 |       ||    72
       Falchion          |       |       |    57 |     8 ||    65
 Cast: Magic Dart        |    36 |     3 |    15 |       ||    54
       Searing Ray       |     9 |    26 |    50 |     2 ||    87
       Dazzling Spray    |       |     3 |    24 |     3 ||    30
       Fulminant Prism   |       |     3 |    24 |     3 ||    30
       Iskenderun's Myst |       |       |     6 |     7 ||    13
       Force Lance       |       |       |     5 |    10 ||    15
Evoke: Wand              |       |     1 |     3 |       ||     4
  Use: Scroll            |     1 |     1 |     3 |     2 ||     7
       Potion            |       |       |     5 |     3 ||     8
 Stab: Sleeping          |     1 |     1 |       |     1 ||     3
       Invisible         |       |       |     1 |       ||     1
  Eat: Chunk             |     4 |     7 |    16 |     1 ||    28
       Ration            |       |       |     3 |     1 ||     4
Armor: Robe              |    13 |    11 |    21 |       ||    45
       Skin              |       |       |     5 |       ||     5
       Ring mail         |       |       |    40 |     6 ||    46
Dodge: Dodged            |    43 |    32 |   117 |    14 ||   206
       Rpst.: Falchion   |       |       |    29 |     2 ||    31
